 Dungeon Crawl Stone Soup version 0.21.1-1-g345015f (webtiles) character file.

79 letownia2 the Charmwright (level 4, -12/38 HPs)
             Began as a Gnoll Skald on Feb 27, 2018.
             Killed by divine providence
             ... invoked by an orc priest
              (16 damage)
             ... on level 3 of the Dungeon.
             The game lasted 00:03:48 (737 turns).

letownia2 the Charmwright (Gnoll Skald)              Turns: 737, Time: 00:03:48

Health: -12/38     AC:  3    Str: 13    XL:     4   Next: 38%
Magic:  1/11       EV: 13    Int: 17    God:
Gold:   38         SH:  4    Dex: 14    Spells: 2/13 levels left

rFire    . . .     SeeInvis .   a - +0 spear
rCold    . . .     Gourm    .   q - +0 buckler
rNeg     . . .     Faith    .   b - +0 leather armour
rPois    .         Spirit   .   (no helmet)
rElec    .         Reflect  .   (no cloak)
rCorr    .         Harm     .   (no gloves)
MR       .....                  (no boots)
Stlth    +.........             (no amulet)
HPRegen  0.12/turn              (no ring)
MPRegen  0.12/turn              (no ring)

@: singing (expiring)
A: distributed training, fangs 1, strong nose
a: no special abilities


You were on level 3 of the Dungeon.
You were not hungry.

You visited 1 branch of the dungeon, and saw 3 of its levels.

You collected 38 gold pieces.

Inventory:

Hand Weapons
 a - a +0 spear (weapon)
 f - a +2 whip of electrocution
 r - a +0 dagger
 s - a +0 hunting sling
 u - a +0 war axe
Missiles
 o - 14 bolts
Armour
 b - a +0 leather armour (worn)
 e - a +0 ring mail
 q - a +0 buckler (worn)
Scrolls
 g - 3 scrolls of magic mapping {unknown}
 i - a scroll of amnesia {unknown}
 k - 3 scrolls of identify {unknown}
 n - a scroll of fear {unknown}
 p - 3 scrolls of blinking {unknown}
 t - a scroll of remove curse {unknown}
Potions
 h - 2 potions of curing {unknown}
 j - 2 potions of berserk rage {unknown}
 l - a potion of heal wounds {unknown}
 m - a potion of mutation {unknown}
Books
 c - a book of Battle

   Spells                             Type                      Level
   a - Infusion                       Charms                       1
   b - Shroud of Golubria             Charms/Translocation         2
   c - Song of Slaying                Charms                       2
   d - Spectral Weapon                Hexes/Charms                 3
   e - Regeneration                   Charms/Necromancy            3
Comestibles
 d - 2 rations


   Skills:
 + Level 4.6 Fighting
 + Level 1.1 Short Blades
 + Level 1.1 Long Blades
 + Level 1.1 Axes
 + Level 1.1 Maces & Flails
 + Level 4.6 Polearms
 + Level 1.1 Staves
 + Level 1.1 Slings
 + Level 1.1 Bows
 + Level 1.1 Crossbows
 + Level 1.1 Throwing
 + Level 2.7 Armour
 + Level 4.6 Dodging
 + Level 1.1 Stealth
 + Level 1.1 Shields
 + Level 1.1 Unarmed Combat
 + Level 5.0 Spellcasting
 + Level 0.8 Conjurations
 + Level 0.8 Hexes
 + Level 5.4 Charms
 + Level 0.8 Summonings
 + Level 0.8 Necromancy
 + Level 0.8 Translocations
 + Level 0.8 Transmutations
 + Level 0.8 Fire Magic
 + Level 0.8 Ice Magic
 + Level 0.8 Air Magic
 + Level 0.8 Earth Magic
 + Level 0.8 Poison Magic
 + Level 1.2 Invocations
 + Level 1.1 Evocations


You had 2 spell levels left.
You knew the following spells:

 Your Spells              Type           Power        Failure   Level  Hunger
a - Infusion              Chrm           ###.         2%          1    None
g - Regeneration          Chrm/Necr      ###.......   22%         3    ###....
l - Song of Slaying       Chrm           ###.....     4%          2    #......
t - Shroud of Golubria    Chrm/Tloc      ###.......   11%         2    #......
x - Spectral Weapon       Hex/Chrm       ###.....     22%         3    ###....


Dungeon Overview and Level Annotations

Branches:
Dungeon (3/15)

Altars:


Innate Abilities, Weirdness & Mutations

Your experience applies equally to all skills.
You have very sharp teeth.
Your uncanny sense of smell can sniff out nearby items.


Message History

Unknown command.
Unknown command.
Unknown command.
Attack whom?
Press: ? - help, Dir - move target cursor, f/p - orc priest
Aim: an orc priest, wielding a whip of electrocution and wearing a chain mail (severely wounded)
You barely miss the orc priest.
You bite the orc priest, but do no damage.
The orc priest is severely wounded.
The orc priest hits you but does no damage.
Unknown command.
Unknown command.
Attack whom?
Press: ? - help, Dir - move target cursor, f/p - orc priest
Aim: an orc priest, wielding a whip of electrocution and wearing a chain mail (severely wounded)
You hit the orc priest but do no damage.
The orc priest is severely wounded.
The orc priest calls down the wrath of Beogh upon you.
Beogh smites you!
You die...

#........ ∆
#........ ∆
#..?o.)# #
#......# #.
#......##
#.####oo(...'.
#...)').....#
###o##......#
#@##......#
#.######### #.#
#.#
#.################
#.................
##################


You could see an orc priest.

Vanquished Creatures
  Jessica (D:2)
  An ooze (D:2)
  A worm (D:2)
  2 dart slugs
  A leopard gecko (D:1)
  3 orcs (D:3)
  5 bats
  2 hobgoblins
  4 jackals (D:2)
  5 frilled lizards
  5 goblins
  6 kobolds
  A rat (D:2)
37 creatures vanquished.

Vanquished Creatures (others)
  A spectral weapon (D:3)
1 creature vanquished.

Grand Total: 38 creatures vanquished

Notes
Turn   | Place    | Note
-------+----------+-------------------------------------------
     0 | D:1      | letownia2 the Gnoll Skald began the quest for the Orb.
     0 | D:1      | Reached XP level 1. HP: 20/20 MP: 6/6
    95 | D:1      | Reached XP level 2. HP: 20/26 MP: 7/7
   258 | D:1      | Learned a level 2 spell: Song of Slaying
   261 | D:1      | Learned a level 2 spell: Shroud of Golubria
   359 | D:2      | Reached XP level 3. HP: 20/31 MP: 1/9
   364 | D:2      | Learned a level 3 spell: Regeneration
   368 | D:2      | Learned a level 3 spell: Spectral Weapon
   375 | D:2      | Noticed Jessica
   390 | D:2      | Killed Jessica
   390 | D:2      | Reached skill level 5 in Spellcasting
   390 | D:2      | Reached skill level 1 in Invocations
   426 | D:2      | Reached skill level 1 in Short Blades
   426 | D:2      | Reached skill level 1 in Long Blades
   426 | D:2      | Reached skill level 1 in Axes
   426 | D:2      | Reached skill level 1 in Maces & Flails
   426 | D:2      | Reached skill level 1 in Staves
   426 | D:2      | Reached skill level 1 in Slings
   426 | D:2      | Reached skill level 1 in Bows
   426 | D:2      | Reached skill level 1 in Crossbows
   426 | D:2      | Reached skill level 1 in Throwing
   426 | D:2      | Reached skill level 1 in Stealth
   426 | D:2      | Reached skill level 1 in Shields
   426 | D:2      | Reached skill level 1 in Unarmed Combat
   426 | D:2      | Reached skill level 1 in Evocations
   439 | D:2      | Reached XP level 4. HP: 21/38 MP: 1/11
   737 | D:3      | Killed from afar by an orc priest

Skill      XL: |  1  2  3 |
---------------+----------+-----
Spellcasting   | 5 |  5.0
Invocations    | 1 |  1.2
Short Blades   | 1 |  1.1
Long Blades    | 1 |  1.1
Axes           | 1 |  1.1
Maces & Flails | 1 |  1.1
Staves         | 1 |  1.1
Slings         | 1 |  1.1
Bows           | 1 |  1.1
Crossbows      | 1 |  1.1
Throwing       | 1 |  1.1
Stealth        | 1 |  1.1
Shields        | 1 |  1.1
Unarmed Combat | 1 |  1.1
Evocations     | 1 |  1.1
Fighting       | |  4.6
Polearms       | |  4.6
Armour         | |  2.7
Dodging        | |  4.6
Conjurations   | |  0.8
Hexes          | |  0.8
Charms         | |  5.4
Summonings     | |  0.8
Necromancy     | |  0.8
Translocations | |  0.8
Transmutations | |  0.8
Fire Magic     | |  0.8
Ice Magic      | |  0.8
Air Magic      | |  0.8
Earth Magic    | |  0.8
Poison Magic   | |  0.8

Action                   |  1- 3 |  4- 6 || total
-------------------------+-------+-------++-------
Melee: Spear             |    95 |    48 ||   143
       Bite              |     3 |     3 ||     6
 Cast: Infusion          |     5 |       ||     5
       Shroud of Golubri |     3 |     5 ||     8
       Song of Slaying   |     1 |     1 ||     2
       Regeneration      |     1 |     1 ||     2
       Spectral Weapon   |       |     2 ||     2
 Stab: Sleeping          |     1 |     2 ||     3
Armor: Leather armour    |    13 |     6 ||    19
Dodge: Dodged            |    61 |    20 ||    81
